 Dungeon Crawl Stone Soup version 0.29-a0-275-g389c0b56f3 (webtiles) character file.

Game seed: 6089817975364928002

107839 sanka the Cleaver (level 16, -4/116 HPs)
             Began as a Gnoll Monk on Mar 11, 2022.
             Was a Priest of Okawaru.
             Killed from afar by a frost giant (15 damage)
             ... with a bolt of cold
             ... on level 1 of the Depths.
             The game lasted 01:17:52 (36558 turns).

sanka the Cleaver (Gnoll Monk)                     Turns: 36558, Time: 01:17:52

Health: -4/116     AC: 38    Str: 23    XL:     16   Next: 48%
Magic:  8/10       EV: 14    Int:  6    God:    Okawaru [***...]
Gold:   1921       SH: 14    Dex: 15    Spells: 36/36 levels left

rFire   + . .      SeeInvis .   a - +5 broad axe of the First Wishes {antimagic, Int+2}
rCold   . . .      Faith    .   r - +0 kite shield
rNeg    . . .      Spirit   .   J - +3 plate armour {rF+}
rPois   .          Reflect  .   m - +0 helmet of Too Many Cooks {+Inv rCorr Str+4 Int-5}
rElec   .          Harm     .   t - +0 cloak
rCorr   +          Rampage  .   A - +1 pair of gloves {hurl}
Will    +....                   i - +2 pair of boots
Stlth   ++........              M - amulet of regeneration
HPRegen 1.09/turn               g - +4 ring of protection
MPRegen 0.12/turn               K - +4 ring of protection

@: heroic, engulfed (cannot breathe), studying Axes
A: fangs 1, strong nose, distributed training, [frail 1]
a: Renounce Religion, Evoke Invisibility, Heroism


You were on level 1 of the Depths.
You worshipped Okawaru.
Okawaru was most pleased with you.
You visited 5 branches of the dungeon, and saw 25 of its levels.
You visited the Abyss 1 time.
You also visited: Bailey, Gauntlet and Ice Cave.

You collected 3211 gold pieces.
You spent 1290 gold pieces at shops.


Innate Abilities, Weirdness & Mutations

You have very sharp teeth.
Your uncanny sense of smell can sniff out nearby items.
Your experience applies equally to all skills.
[You are frail. (-10% HP)]


   Skills:
 + Level 12.6(17.6) Fighting
 + Level 10.9(15.9) Short Blades
 + Level 10.9(15.9) Long Blades
 + Level 13.1(18.1) Axes
 + Level 10.9(15.9) Maces & Flails
 + Level 10.9(15.9) Polearms
 + Level 10.9(15.9) Staves
 + Level 10.9(15.9) Slings
 + Level 10.9(15.9) Bows
 + Level 10.9(15.9) Crossbows
 + Level 10.9(15.9) Throwing
 + Level 10.9(15.9) Armour
 + Level 12.6(17.6) Dodging
 + Level 11.7(16.7) Stealth
 + Level 10.9(15.9) Shields
 + Level 10.9(15.9) Unarmed Combat
 + Level 10.9 Spellcasting
 + Level 9.2 Conjurations
 + Level 9.2 Hexes
 + Level 9.2 Summonings
 + Level 9.2 Necromancy
 + Level 9.2 Translocations
 + Level 9.2 Transmutations
 + Level 9.2 Fire Magic
 + Level 9.2 Ice Magic
 + Level 9.2 Air Magic
 + Level 9.2 Earth Magic
 + Level 9.2 Poison Magic
 + Level 11.9 Invocations
 + Level 10.9 Evocations


You had 36 spell levels left.
You didn't know any spells.
Your spell library contained the following spells:

 Spells                   Type           Power      Damage    Failure   Level
 Pain                     Necr           56%        1d6       4%          1
 Blink                    Tloc           28%        N/A       8%          2
 Ensorcelled Hibernation  Hex/Ice        28%        N/A       8%          2
 Poisonous Vapours        Pois/Air       28%        N/A       8%          2
 Sublimation of Blood     Necr           14%        N/A       8%          2
 Wereblood                Tmut           14%        N/A       8%          2
 Frozen Ramparts          Ice            28%        1d4       16%         3
 Gell's Gravitas          Tloc           14%        N/A       16%         3
 Ignite Poison            Fire/Tmut/Pois 14%        N/A       16%         3
 Inner Flame              Hex/Fire       14%        N/A       16%         3
 Lesser Beckoning         Tloc           14%        N/A       16%         3
 Ozocubu's Armour         Ice            14%        N/A       16%         3
 Spider Form              Tmut/Pois      14%        N/A       16%         3
 Stone Arrow              Conj/Erth      28%        3d8       16%         3
 Vampiric Draining        Necr           14%        2d7       16%         3
 Anguish                  Hex/Necr       7%         N/A       45%         4
 Ice Form                 Ice/Tmut       14%        N/A       45%         4
 Iskenderun's Mystic Bla  Conj/Tloc      14%        2d5       45%         4
 Borgnjor's Vile Clutch   Necr/Erth      7%         N/A       80%         5
 Iskenderun's Battlesphe  Conj           14%        2d7       80%         5
 Manifold Assault         Tloc           14%        N/A       80%         5
 Metabolic Englaciation   Hex/Ice        7%         N/A       80%         5
 Silence                  Hex/Air        7%         N/A       80%         5
 Iron Shot                Conj/Erth      7%         9d2       100%        6
 Lehudib's Crystal Spear  Conj/Erth      7%         10d3      100%        8
 Animate Skeleton         Necr           Unusable   N/A       N/A         1
 Animate Armour           Summ/Erth      Unusable   N/A       N/A         4
 Animate Dead             Necr           Unusable   N/A       N/A         4
 Summon Ice Beast         Ice/Summ       Unusable   N/A       N/A         4
 Death Channel            Necr           Unusable   N/A       N/A         6
 Simulacrum               Ice/Necr       Unusable   N/A       N/A         6
 Malign Gateway           Summ/Tloc      Unusable   N/A       N/A         7
 Spellforged Servitor     Conj/Summ      Unusable   N/A       N/A         7
 Summon Hydra             Summ           Unusable   N/A       N/A         7

Inventory:

Hand Weapons
 a - the +5 broad axe of the First Wishes (weapon) {antimagic, Int+2}

   It reduces the magical energy of the wielder, and disrupts the spells and
   magical abilities of those it strikes.
   Natural abilities and divine invocations are not affected.
   Int:       It affects your intelligence (+2).
 b - a +4 broad axe of flaming
 S - the +0 war axe "Uhaz" {venom, Fly rElec Str+5 Dex-3}

   It poisons the flesh of those it strikes.
   Str:       It affects your strength (+5).
   Dex:       It affects your dexterity (-3).
   rElec:     It insulates you from electricity.
   Fly:       It grants you flight.
Missiles
 v - 20 javelins
 w - 9 throwing nets {=f}
 L - 7 curare-tipped darts (quivered) {=f}
 V - 18 silver javelins
Armour
 i - a +2 pair of boots (worn)
 m - the +0 helmet of Too Many Cooks (worn) {+Inv rCorr Str+4 Int-5}

   Str:       It affects your strength (+4).
   Int:       It affects your intelligence (-5).
   +Inv:      It lets you turn invisible.
   rCorr:     It protects you from acid and corrosion.
 r - a +0 kite shield (worn)
 t - a +0 cloak (worn)
 A - a +1 pair of gloves of hurling (worn)
 J - a +3 plate armour of fire resistance (worn)
 Q - the +0 cloak of Rotation {*Corrode Str+4 SInv}

   Str:       It affects your strength (+4).
   SInv:      It lets you see invisible.
   *Corrode:  It may corrode you when you take damage.
Jewellery
 g - a +4 ring of protection (left hand)
 q - the ring "Corghock" {Fire rPois Int+3}

   [ring of fire]

   It enhances your fire magic.
   Int:       It affects your intelligence (+3).
   rF:        It protects you from fire.
   rC:        It makes you vulnerable to cold.
   rPois:     It protects you from poison.
 u - a ring of protection from cold
 y - the ring "Ibokeack" {rPois rC+ rCorr Str+5 SInv}

   [ring of see invisible]

   Str:       It affects your strength (+5).
   rC:        It protects you from cold.
   rPois:     It protects you from poison.
   SInv:      It lets you see invisible.
   rCorr:     It protects you from acid and corrosion.
 B - an amulet of faith
 C - a ring of willpower
 I - a ring of flight
 K - a +4 ring of protection (right hand)
 M - an amulet of regeneration (around neck)
 P - a ring of protection from fire
Wands
 k - a wand of iceblast (27)
 s - a wand of paralysis (4)
 T - a wand of mindburst (23)
Scrolls
 j - 5 scrolls of fear
 n - a scroll of acquirement
 o - 6 scrolls of enchant armour
 p - 5 scrolls of identify {@r1}
 x - a scroll of magic mapping
 z - a scroll of holy word
 D - 6 scrolls of fog
 E - 4 scrolls of blinking
 G - 11 scrolls of teleportation {@r4}
 H - 2 scrolls of vulnerability {!r}
 U - 2 scrolls of silence {!r}
 X - a scroll of amnesia
Potions
 c - a potion of ambrosia
 d - a potion of cancellation
 e - 9 potions of curing {@q1}
 f - 4 potions of might
 h - 4 potions of invisibility
 l - 2 potions of berserk rage {!q}
 F - 4 potions of heal wounds {@q2}
 N - 2 potions of flight
 O - 2 potions of attraction {!q}
 R - 3 potions of magic
 W - 3 potions of brilliance
 Y - 7 potions of mutation {!q}
 Z - 2 potions of lignification {!q}

Dungeon Overview and Level Annotations

Branches:
Dungeon (15/15)            Temple (1/1) D:6            Lair (6/6) D:9
  Swamp (0/4) Lair:2        Snake (0/4) Lair:2        Slime (0/5) Lair:6
    Orc (2/2) D:9             Elf (0/3) Orc:2        Vaults (0/5) D:13
 Depths (1/4) D:15         Bailey (visited)           IceCv (visited)
Gauntlet (visited)

Altars:
Ashenzari
Cheibriados
Dithmenos
Elyvilon
Fedhas
Gozag
Hepliaklqana
Kikubaaqudgha
Makhleb
Nemelex Xobeh
Okawaru
Qazlal
Ru
Sif Muna
Trog
Uskayaw
Vehumet
Wu Jian
Xom
Yredelemnul
Zin
The Shining One
Beogh
Lugonu

Shops:
D:4 (   D:6 :   D:13 * Orc:2

*((*
...................▒ ..
▒.................▒
...▒▒▒.................
.).▒........▒▒[≈≈≈....▒
......≈≈....▒..≈≈≈...▒
..≈≈≈....[.......≈...▒
..≈≈≈≈.≈....≈≈≈≈...≈.▒
...≈≈≈.C....≈≈...≈≈≈...
....≈..Eg.....<≈≈≈≈≈...
..▒....E....≈≈.........
▒▒......°≈≈≈≈≈...▒...
▒.......°≈≈...▒▒▒.▒▒
▒.▒▒....≈°≈....▒ .∆ ▒..
▒....≈≈≈...... ...
...▒............ ....
...▒▒▒.......... ...
....▒ ▒.....


You could see a frost giant (magic disrupted) and 2 water elementals.


Message History

You hit the frost giant but do no damage.
You bite the frost giant, but do no damage.
The frost giant is severely wounded.
You barely miss the water elemental. You barely miss the water elemental.
The water elemental completely misses you.
Unknown command.
You slash the frost giant!
The frost giant's magic leaks into the air.
The frost giant is almost dead.
You slice the water elemental!! You slash the water elemental!
The frost giant hits you with a +3 battleaxe of freezing!
* * * LOW HITPOINT WARNING * * *
The frost giant freezes you.
* * * LOW HITPOINT WARNING * * *
The water elemental hits you.
The water elemental engulfs you in water!
You hit the frost giant.
The frost giant's magic leaks into the air.
You bite the frost giant.
The frost giant is almost dead.
You slash the water elemental! You hit the water elemental.
* * * LOW HITPOINT WARNING * * *
Your lungs strain for air!
You block the water elemental's attack.
The frost giant points at you and mumbles some strange words.
The bolt of cold hits you!
You die...

Action                   |  1- 3 |  4- 6 |  7- 9 | 10-12 | 13-15 | 16-18 || total
-------------------------+-------+-------+-------+-------+-------+-------++-------
Melee: Hand axe          |   109 |   179 |   296 |       |       |       ||   584
       Bite              |    10 |    20 |    73 |    73 |   164 |    73 ||   413
       Punch             |     1 |     3 |    13 |    37 |    96 |    10 ||   160
       Dagger            |       |       |     9 |    98 |     7 |       ||   114
       Halberd           |       |       |   115 |       |       |       ||   115
       War axe           |       |       |    39 |   477 |   491 |       ||  1007
       Dire flail        |       |       |     4 |       |    11 |       ||    15
       Broad axe         |       |       |       |       |   620 |   402 ||  1022
 Fire: Longbow           |       |       |       |       |     6 |       ||     6
Throw: Dart              |       |     8 |    31 |    12 |     1 |       ||    52
       Boomerang         |       |       |       |    30 |    26 |       ||    56
       Javelin           |       |       |       |       |    11 |       ||    11
Invok: Heroism           |       |       |     1 |    18 |    33 |    10 ||    62
       Finesse           |       |       |       |     1 |     3 |       ||     4
Evoke: Wand              |       |       |     3 |     2 |     1 |       ||     6
  Use: Potion            |       |     2 |     3 |     3 |     1 |       ||     9
       Scroll            |       |       |     9 |     7 |    14 |       ||    30
 Stab: Sleeping          |    10 |    11 |     9 |    10 |    22 |     1 ||    63
       Distracted        |       |       |       |     1 |     3 |     1 ||     5
Armor: Robe              |    28 |    47 |    45 |       |       |       ||   120
       Troll leather arm |       |       |   141 |    35 |       |       ||   176
       Leather armour    |       |       |       |   140 |   289 |       ||   429
       Plate armour      |       |       |       |       |   327 |   299 ||   626
Dodge: Dodged            |    92 |   105 |   358 |   422 |   993 |   208 ||  2178
Block: Kite shield       |       |       |       |    60 |   129 |   159 ||   348

Levels and vault maps discovered:
D:1:      kennysheep_arrival_seaside, layout_loops_corners
D:2:      layout_basic, ebering_ecumenical_altar_abandoned,
          chequers_serial_rivers_micro_a
D:3:      layout_basic, serial_rivers, chequers_serial_rivers_small_3,
          chequers_serial_rivers_room_a, chequers_serial_rivers_small_3,
          chequers_serial_rivers_micro_c, chequers_serial_rivers_micro_b,
          uniq_ijyb
D:4:      layout_loops_corners, mainiacjoe_overflow_tiny_flanked, serial_shops,
          shop, kennysheep_generic_room_5
D:5:      layout_layer_cave, roderic_lattice_a
D:6:      layout_loops_cross, lemuel_mausoleum_altar_yredelemnul,
          nzn_wu_jian_council_hall, general_overflow_altar, lemuel_tele_altar,
          amcnicky_altar_gilded, grunt_dithmenos_shadows,
          minmay_temple_entry_offerings, serial_undead, serial_undead_a,
          serial_undead_e, serial_undead_b, serial_undead_d, serial_shops,
          kennysheep_little_box
D:7:      layout_basic
D:8:      layout_loops_ring, mainiacjoe_overflow_alcove_4, trog_hazing_becter,
          enter_bailey_2, chequers_garden
D:9:      nicolae_BIG_FREAKIN_CUBE, layout_cave_pools,
          kennysheep_orc_sif_temple, david_lair_shrubbed
D:10:     layout_roguey [special_room_orc], mainiacjoe_overflow_24_doors,
          kennysheep_mini, beargit_hepliaklqana_dungeon_heroes,
          hangedman_abyss_or_decor_slice, uniq_harold
D:11:     layout_loops_ring
D:12:     layout_cave_pools
D:13:     layout_rooms, david_vaults_4, serial_shops, nicolae_diamond_shop,
          portal_ice_cave_demonic_guard, drop_trap, uniq_frances
D:14:     layout_small_grid, minmay_misc_feat_enclosed, serial_ice,
          serial_ice_i, serial_ice_n, serial_ice_d, serial_ice_m, serial_ice_b,
          serial_ice_g, serial_ice_e, hangedman_corner_corridor, uniq_azrael
D:15:     grunt_enter_depths_magical_seal, layout_rooms,
          serial_co_window_serial, co_window_paths_b, co_window_paths_b,
          co_window_of_opportunity_a, co_window_paths_a, co_window_corner_a,
          co_window_of_opportunity_c, co_window_corner_b, co_window_broadway_c,
          co_window_4corner_b, glass_columns_a, fedhas_altar_fruit_tree
Temple:   corrupted_temple
Lair:1:   layout_cellular_growth, eino_small_chamber_without_monster,
          grunt_megastairs_5, uniq_gastronok, uniq_maggie
Lair:2:   statuecave_lemuel, layout_cave_pods,
          nicolae_swamp_entry_splash_gauntlet,
          minmay_snake_entry_guardpost_small, gauntlet_entry_generic, uniq_sonja
Lair:3:   layout_cellular_growth, st_stairs_10, serial_bayou_shore_b
Lair:4:   layout_regular_city, chequers_serial_rivers_small_b,
          grunt_megastairs_4
Lair:5:   layout_loops_ring, serial_bayou_pond_c, bobbens_dragon_lair_wall
Lair:6:   wormcave, layout_small_grid, hangedman_lair_in_review,
          dpeg_slime_entry_corner, serial_bayou_pond_b
Orc:1:    layout_caves, nicolae_orc_lost_temple, uniq_maurice, uniq_fannar
Orc:2:    st_orc_town, layout_caves, gammafunk_ghost_grave, basic_altar,
          hangedman_feature_mirror
Depths:1: layout_cave_pools, mu_enter_wizlab_3, ebering_ghost_xom,
          nicolae_abyss_entry_one_way_or_another, lightli_too_deep,
          hangedman_decor_riveting, minmay_st_funbox, moated_statue,
          nzn_life_drinkers

Notes
Turn   | Place    | Note
-------+----------+-------------------------------------------
     0 | D:1      | sanka the Gnoll Monk began the quest for the Orb.
     0 | D:1      | Reached XP level 1. HP: 23/23 MP: 1/1
   168 | D:1      | Reached XP level 2. HP: 29/29 MP: 2/2
   731 | D:1      | Reached XP level 3. HP: 35/35 MP: 3/3
  1161 | D:2      | Reached skill level 1 in Invocations
  1470 | D:2      | Reached skill level 1 in Short Blades
  1470 | D:2      | Reached skill level 1 in Long Blades
  1470 | D:2      | Reached skill level 1 in Maces & Flails
  1470 | D:2      | Reached skill level 1 in Polearms
  1470 | D:2      | Reached skill level 1 in Staves
  1470 | D:2      | Reached skill level 1 in Slings
  1470 | D:2      | Reached skill level 1 in Bows
  1470 | D:2      | Reached skill level 1 in Crossbows
  1470 | D:2      | Reached skill level 1 in Throwing
  1470 | D:2      | Reached skill level 1 in Armour
  1470 | D:2      | Reached skill level 1 in Shields
  1470 | D:2      | Reached skill level 1 in Unarmed Combat
  1470 | D:2      | Reached skill level 1 in Spellcasting
  1470 | D:2      | Reached skill level 1 in Evocations
  1541 | D:2      | Reached XP level 4. HP: 36/41 MP: 5/5
  1732 | D:2      | Found a faded altar of an unknown god.
  2272 | D:3      | Noticed Ijyb
  2279 | D:3      | Killed Ijyb
  2280 | D:3      | Reached skill level 1 in Conjurations
  2280 | D:3      | Reached skill level 1 in Hexes
  2280 | D:3      | Reached skill level 1 in Summonings
  2280 | D:3      | Reached skill level 1 in Necromancy
  2280 | D:3      | Reached skill level 1 in Translocations
  2280 | D:3      | Reached skill level 1 in Transmutations
  2280 | D:3      | Reached skill level 1 in Fire Magic
  2280 | D:3      | Reached skill level 1 in Ice Magic
  2280 | D:3      | Reached skill level 1 in Air Magic
  2280 | D:3      | Reached skill level 1 in Earth Magic
  2280 | D:3      | Reached skill level 1 in Poison Magic
  2332 | D:3      | Reached XP level 5. HP: 47/47 MP: 6/6
  2366 | D:3      | Noticed a black bear
  2745 | D:3      | Killed a black bear
  2750 | D:3      | Reached skill level 2 in Invocations
  2750 | D:3      | Reached XP level 6. HP: 27/53 MP: 8/8
  3131 | D:4      | Found a stormy altar of Qazlal.
  3226 | D:3      | HP: 1/53 [iguana (9)]
  3629 | D:4      | Reached skill level 2 in Short Blades
  3629 | D:4      | Reached skill level 2 in Long Blades
  3629 | D:4      | Reached skill level 2 in Maces & Flails
  3629 | D:4      | Reached skill level 2 in Polearms
  3629 | D:4      | Reached skill level 2 in Staves
  3629 | D:4      | Reached skill level 2 in Slings
  3629 | D:4      | Reached skill level 2 in Bows
  3629 | D:4      | Reached skill level 2 in Crossbows
  3629 | D:4      | Reached skill level 2 in Throwing
  3629 | D:4      | Reached skill level 2 in Armour
  3629 | D:4      | Reached skill level 2 in Shields
  3629 | D:4      | Reached skill level 2 in Unarmed Combat
  3629 | D:4      | Reached skill level 2 in Spellcasting
  3629 | D:4      | Reached skill level 2 in Evocations
  4265 | D:4      | Reached XP level 7. HP: 54/59 MP: 10/10
  4455 | D:4      | Found Mezxios's Antique Weapon Shop.
  4472 | D:4      | Reached skill level 7 in Fighting
  4472 | D:4      | Reached skill level 7 in Axes
  4472 | D:4      | Reached skill level 7 in Dodging
  4727 | D:5      | Entered Level 5 of the Dungeon
  4727 | D:5      | Noticed a troll
  4837 | D:5      | Noticed a yak
  4838 | D:5      | Noticed a yak
  4892 | D:4      | Killed a yak
  4893 | D:4      | Reached skill level 2 in Conjurations
  4893 | D:4      | Reached skill level 2 in Hexes
  4893 | D:4      | Reached skill level 2 in Summonings
  4893 | D:4      | Reached skill level 2 in Necromancy
  4893 | D:4      | Reached skill level 2 in Translocations
  4893 | D:4      | Reached skill level 2 in Transmutations
  4893 | D:4      | Reached skill level 2 in Fire Magic
  4893 | D:4      | Reached skill level 2 in Ice Magic
  4893 | D:4      | Reached skill level 2 in Air Magic
  4893 | D:4      | Reached skill level 2 in Earth Magic
  4893 | D:4      | Reached skill level 2 in Poison Magic
  5187 | D:5      | Reached skill level 5 in Stealth
  5463 | D:5      | Reached skill level 3 in Invocations
  5756 | D:5      | Noticed a yak
  5791 | D:5      | Killed a yak
  5792 | D:5      | Reached XP level 8. HP: 20/67 MP: 12/12
  6028 | D:5      | Noticed a yak
  6073 | D:5      | Noticed a yak
  6119 | D:4      | Killed a yak
  6120 | D:4      | Reached skill level 3 in Short Blades
  6120 | D:4      | Reached skill level 3 in Long Blades
  6120 | D:4      | Reached skill level 3 in Maces & Flails
  6120 | D:4      | Reached skill level 3 in Polearms
  6120 | D:4      | Reached skill level 3 in Staves
  6120 | D:4      | Reached skill level 3 in Slings
  6120 | D:4      | Reached skill level 3 in Bows
  6120 | D:4      | Reached skill level 3 in Crossbows
  6120 | D:4      | Reached skill level 3 in Throwing
  6120 | D:4      | Reached skill level 3 in Armour
  6120 | D:4      | Reached skill level 3 in Shields
  6120 | D:4      | Reached skill level 3 in Unarmed Combat
  6120 | D:4      | Reached skill level 3 in Spellcasting
  6120 | D:4      | Reached skill level 3 in Evocations
  6809 | D:4      | Killed a yak
  7106 | D:5      | Killed a troll
  7107 | D:5      | Reached skill level 4 in Invocations
  7130 | D:5      | Reached skill level 3 in Conjurations
  7130 | D:5      | Reached skill level 3 in Hexes
  7130 | D:5      | Reached skill level 3 in Summonings
  7130 | D:5      | Reached skill level 3 in Necromancy
  7130 | D:5      | Reached skill level 3 in Translocations
  7130 | D:5      | Reached skill level 3 in Transmutations
  7130 | D:5      | Reached skill level 3 in Fire Magic
  7130 | D:5      | Reached skill level 3 in Ice Magic
  7130 | D:5      | Reached skill level 3 in Air Magic
  7130 | D:5      | Reached skill level 3 in Earth Magic
  7130 | D:5      | Reached skill level 3 in Poison Magic
  7401 | D:5      | Killed a yak
  7402 | D:5      | Reached XP level 9. HP: 41/72 MP: 14/14
  7988 | D:6      | Found a glowing golden altar of the Shining One.
  8015 | D:6      | Found an ornate altar of the Wu Jian Council.
  8141 | D:6      | Reached skill level 4 in Short Blades
  8141 | D:6      | Reached skill level 4 in Long Blades
  8141 | D:6      | Reached skill level 4 in Maces & Flails
  8141 | D:6      | Reached skill level 4 in Polearms
  8141 | D:6      | Reached skill level 4 in Staves
  8141 | D:6      | Reached skill level 4 in Slings
  8141 | D:6      | Reached skill level 4 in Bows
  8141 | D:6      | Reached skill level 4 in Crossbows
  8141 | D:6      | Reached skill level 4 in Throwing
  8141 | D:6      | Reached skill level 4 in Armour
  8141 | D:6      | Reached skill level 4 in Shields
  8141 | D:6      | Reached skill level 4 in Unarmed Combat
  8141 | D:6      | Reached skill level 4 in Spellcasting
  8141 | D:6      | Reached skill level 4 in Evocations
  8196 | D:6      | Found a staircase to the Ecumenical Temple.
  8211 | Temple   | Entered the Ecumenical Temple
  8245 | Temple   | Became a worshipper of Warmaster Okawaru
  8245 | Temple   | Reached * piety under Okawaru
  8245 | Temple   | Reached ** piety under Okawaru
  8265 | D:6      | Found a snail-covered altar of Cheibriados.
  8482 | D:6      | Found Kofuquma's Book Shoppe.
  8586 | D:6      | Found a hide-covered altar of Uskayaw.
  8698 | D:6      | Reached skill level 6 in Stealth
  8854 | D:6      | Found a basalt altar of Yredelemnul.
  8881 | D:6      | Reached skill level 8 in Fighting
  8881 | D:6      | Reached skill level 8 in Axes
  8881 | D:6      | Reached skill level 8 in Dodging
  9015 | D:6      | Found a shadowy altar of Dithmenos.
  9243 | D:7      | Reached skill level 5 in Invocations
  9544 | D:7      | Got the Catalogue of the Sugar Beet
  9670 | D:7      | Reached skill level 4 in Conjurations
  9670 | D:7      | Reached skill level 4 in Hexes
  9670 | D:7      | Reached skill level 4 in Summonings
  9670 | D:7      | Reached skill level 4 in Necromancy
  9670 | D:7      | Reached skill level 4 in Translocations
  9670 | D:7      | Reached skill level 4 in Transmutations
  9670 | D:7      | Reached skill level 4 in Fire Magic
  9670 | D:7      | Reached skill level 4 in Ice Magic
  9670 | D:7      | Reached skill level 4 in Air Magic
  9670 | D:7      | Reached skill level 4 in Earth Magic
  9670 | D:7      | Reached skill level 4 in Poison Magic
  9670 | D:7      | Reached XP level 10. HP: 80/80 MP: 17/17
  9787 | D:7      | Reached *** piety under Okawaru
  9840 | D:8      | Found a flagged portal.
  9855 | D:8      | Reached skill level 5 in Short Blades
  9855 | D:8      | Reached skill level 5 in Long Blades
  9855 | D:8      | Reached skill level 5 in Maces & Flails
  9855 | D:8      | Reached skill level 5 in Polearms
  9855 | D:8      | Reached skill level 5 in Staves
  9855 | D:8      | Reached skill level 5 in Slings
  9855 | D:8      | Reached skill level 5 in Bows
  9855 | D:8      | Reached skill level 5 in Crossbows
  9855 | D:8      | Reached skill level 5 in Throwing
  9855 | D:8      | Reached skill level 5 in Armour
  9855 | D:8      | Reached skill level 5 in Shields
  9855 | D:8      | Reached skill level 5 in Unarmed Combat
  9855 | D:8      | Reached skill level 5 in Spellcasting
  9855 | D:8      | Reached skill level 5 in Evocations
  9896 | Bailey   | Entered a bailey
  9959 | Bailey   | Noticed a two-headed ogre
  9974 | Bailey   | Killed a two-headed ogre
 10086 | Bailey   | Identified the +11 dagger "Zeolig" {elec, rElec Str+2
                  | Dex-4}
 10269 | D:8      | Reached **** piety under Okawaru
 10270 | D:8      | Reached skill level 6 in Invocations
 10278 | D:8      | Reached skill level 7 in Stealth
 10530 | D:8      | Reached ***** piety under Okawaru
 10560 | D:8      | Identified the +4 leather armour "Urrael" {rPois Int-2
                  | Dex+4}
 10703 | D:8      | Reached XP level 11. HP: 87/87 MP: 19/19
 10720 | D:8      | Found an ancient bone altar of Kikubaaqudgha.
 10814 | D:8      | Found a bloodstained altar of Trog.
 11159 | D:9      | Reached skill level 9 in Fighting
 11159 | D:9      | Reached skill level 6 in Short Blades
 11159 | D:9      | Reached skill level 6 in Long Blades
 11159 | D:9      | Reached skill level 9 in Axes
 11159 | D:9      | Reached skill level 6 in Maces & Flails
 11159 | D:9      | Reached skill level 6 in Polearms
 11159 | D:9      | Reached skill level 6 in Staves
 11159 | D:9      | Reached skill level 6 in Slings
 11159 | D:9      | Reached skill level 6 in Bows
 11159 | D:9      | Reached skill level 6 in Crossbows
 11159 | D:9      | Reached skill level 6 in Throwing
 11159 | D:9      | Reached skill level 6 in Armour
 11159 | D:9      | Reached skill level 9 in Dodging
 11159 | D:9      | Reached skill level 6 in Shields
 11159 | D:9      | Reached skill level 6 in Unarmed Combat
 11159 | D:9      | Reached skill level 6 in Spellcasting
 11159 | D:9      | Reached skill level 6 in Evocations
 11319 | D:9      | Reached skill level 5 in Conjurations
 11319 | D:9      | Reached skill level 5 in Hexes
 11319 | D:9      | Reached skill level 5 in Summonings
 11319 | D:9      | Reached skill level 5 in Necromancy
 11319 | D:9      | Reached skill level 5 in Translocations
 11319 | D:9      | Reached skill level 5 in Transmutations
 11319 | D:9      | Reached skill level 5 in Fire Magic
 11319 | D:9      | Reached skill level 5 in Ice Magic
 11319 | D:9      | Reached skill level 5 in Air Magic
 11319 | D:9      | Reached skill level 5 in Earth Magic
 11319 | D:9      | Reached skill level 5 in Poison Magic
 11637 | D:9      | Found a staircase to the Orcish Mines.
 11703 | D:9      | Found a shimmering blue altar of Sif Muna.
 11822 | D:9      | Found a staircase to the Lair.
 11873 | D:10     | Entered Level 10 of the Dungeon
 11873 | D:10     | You are sucked into a shaft and drop 3 floors!
 11873 | D:13     | Noticed a two-headed ogre
 11884 | D:13     | Killed a two-headed ogre
 11950 | D:13     | Noticed Frances
 11956 | D:13     | Noticed a centaur warrior
 11999 | D:13     | Found Sovuw's Assorted Antiques.
 12025 | D:13     | Noticed a cyclops
 12043 | D:13     | Received a gift from Okawaru
 12053 | D:13     | Killed a centaur warrior
 12057 | D:13     | Killed a cyclops
 12058 | D:13     | Reached skill level 7 in Invocations
 12064 | D:13     | Received a gift from Okawaru
 12172 | D:13     | Noticed a necromancer
 12176 | D:13     | Killed a necromancer
 12181 | D:13     | Found a gate to the Vaults.
 12225 | D:13     | Found a frozen archway.
 12244 | D:13     | Received a gift from Okawaru
 12395 | IceCv    | Entered an ice cave
 12427 | IceCv    | Found a transporter.
 12431 | IceCv    | Noticed a white ugly thing
 12456 | IceCv    | Found a transporter.
 12474 | IceCv    | Killed a white ugly thing
 12475 | IceCv    | Reached skill level 8 in Stealth
 12498 | IceCv    | Received a gift from Okawaru
 12513 | IceCv    | Identified the ring "Ibokeack" {rPois rC+ rCorr Str+5 SInv}
 12843 | D:13     | Reached XP level 12. HP: 96/96 MP: 19/22
 12854 | D:12     | Noticed a soul eater
 12882 | D:12     | Identified the -2 helmet of Resilience {Harm Dex+4 Stlth+}
 13029 | D:11     | Received a gift from Okawaru
 13214 | D:10     | Noticed Harold
 13228 | D:10     | Killed Harold
 13228 | D:10     | Received a gift from Okawaru
 13229 | D:10     | Reached skill level 7 in Short Blades
 13229 | D:10     | Reached skill level 7 in Long Blades
 13229 | D:10     | Reached skill level 7 in Maces & Flails
 13229 | D:10     | Reached skill level 7 in Polearms
 13229 | D:10     | Reached skill level 7 in Staves
 13229 | D:10     | Reached skill level 7 in Slings
 13229 | D:10     | Reached skill level 7 in Bows
 13229 | D:10     | Reached skill level 7 in Crossbows
 13229 | D:10     | Reached skill level 7 in Throwing
 13229 | D:10     | Reached skill level 7 in Armour
 13229 | D:10     | Reached skill level 7 in Shields
 13229 | D:10     | Reached skill level 7 in Unarmed Combat
 13229 | D:10     | Reached skill level 7 in Spellcasting
 13229 | D:10     | Reached skill level 7 in Evocations
 13429 | D:10     | Found a broken altar of Ashenzari.
 13523 | D:10     | Found a sacrificial altar of Ru.
 13543 | D:10     | Found a hazy altar of Hepliaklqana.
 13814 | D:10     | Reached skill level 6 in Conjurations
 13814 | D:10     | Reached skill level 6 in Hexes
 13814 | D:10     | Reached skill level 6 in Summonings
 13814 | D:10     | Reached skill level 6 in Necromancy
 13814 | D:10     | Reached skill level 6 in Translocations
 13814 | D:10     | Reached skill level 6 in Transmutations
 13814 | D:10     | Reached skill level 6 in Fire Magic
 13814 | D:10     | Reached skill level 6 in Ice Magic
 13814 | D:10     | Reached skill level 6 in Air Magic
 13814 | D:10     | Reached skill level 6 in Earth Magic
 13814 | D:10     | Reached skill level 6 in Poison Magic
 13828 | D:10     | Reached skill level 8 in Invocations
 14487 | D:10     | Found a faded altar of an unknown god.
 14496 | D:10     | Paralysed by a spriggan for 4 turns
 14765 | Lair:1   | Entered Level 1 of the Lair of Beasts
 14854 | Lair:1   | Noticed Gastronok
 14865 | Lair:1   | Killed Gastronok
 14866 | Lair:1   | Reached skill level 10 in Fighting
 14866 | Lair:1   | Reached skill level 10 in Axes
 14866 | Lair:1   | Reached skill level 10 in Dodging
 14870 | Lair:1   | Received a gift from Okawaru
 14889 | Lair:1   | Reached ****** piety under Okawaru
 14889 | Lair:1   | Received a gift from Okawaru
 15651 | Lair:1   | Received a gift from Okawaru
 15783 | Lair:1   | Reached skill level 9 in Stealth
 15783 | Lair:1   | Reached XP level 13. HP: 81/103 MP: 17/24
 16128 | Lair:1   | Identified +0 steam dragon scales
 16128 | Lair:1   | Noticed Maggie
 16155 | Lair:1   | Killed Maggie
 16460 | Lair:2   | Reached skill level 8 in Short Blades
 16460 | Lair:2   | Reached skill level 8 in Long Blades
 16460 | Lair:2   | Reached skill level 8 in Maces & Flails
 16460 | Lair:2   | Reached skill level 8 in Polearms
 16460 | Lair:2   | Reached skill level 8 in Staves
 16460 | Lair:2   | Reached skill level 8 in Slings
 16460 | Lair:2   | Reached skill level 8 in Bows
 16460 | Lair:2   | Reached skill level 8 in Crossbows
 16460 | Lair:2   | Reached skill level 8 in Throwing
 16460 | Lair:2   | Reached skill level 8 in Armour
 16460 | Lair:2   | Reached skill level 8 in Shields
 16460 | Lair:2   | Reached skill level 8 in Unarmed Combat
 16460 | Lair:2   | Reached skill level 8 in Spellcasting
 16460 | Lair:2   | Reached skill level 8 in Evocations
 16502 | Lair:2   | Found a staircase to the Snake Pit.
 16556 | Lair:2   | Found a gate leading to a gauntlet.
 16589 | Gauntlet | Entered a Gauntlet
 16589 | Gauntlet | Found a transporter.
 16599 | Gauntlet | Found a transporter.
 16602 | Gauntlet | Found a transporter.
 16603 | Gauntlet | Found a transporter.
 16612 | Gauntlet | Found a transporter.
 16614 | Gauntlet | Found a transporter.
 16615 | Gauntlet | Found a transporter.
 16625 | Gauntlet | Found a transporter.
 16627 | Gauntlet | Found a transporter.
 16628 | Gauntlet | Found a transporter.
 16639 | Gauntlet | Found a transporter.
 16640 | Gauntlet | Found a transporter.
 16641 | Gauntlet | Found a transporter.
 16649 | Gauntlet | Found a transporter.
 16829 | Gauntlet | Identified the +0 helmet of Too Many Cooks {+Inv rCorr
                  | Str+4 Int-5}
 17002 | Gauntlet | Reached skill level 9 in Invocations
 17007 | Gauntlet | Identified the ring "Corghock" {Fire rPois Int+3}
 17013 | Gauntlet | Noticed a minotaur
 17027 | Gauntlet | Killed a minotaur
 17052 | Gauntlet | Got Cibuuten's Catalogue of Bewitchment
 17052 | Gauntlet | Got Zaguleph's Catalogue of the Traveller
 17358 | Lair:2   | Noticed Sonja
 17366 | Lair:2   | Killed Sonja
 17776 | Lair:2   | Found a staircase to the Swamp.
 17798 | Lair:2   | Reached skill level 7 in Conjurations
 17798 | Lair:2   | Reached skill level 7 in Hexes
 17798 | Lair:2   | Reached skill level 7 in Summonings
 17798 | Lair:2   | Reached skill level 7 in Necromancy
 17798 | Lair:2   | Reached skill level 7 in Translocations
 17798 | Lair:2   | Reached skill level 7 in Transmutations
 17798 | Lair:2   | Reached skill level 7 in Fire Magic
 17798 | Lair:2   | Reached skill level 7 in Ice Magic
 17798 | Lair:2   | Reached skill level 7 in Air Magic
 17798 | Lair:2   | Reached skill level 7 in Earth Magic
 17798 | Lair:2   | Reached skill level 7 in Poison Magic
 18265 | Lair:2   | Identified the +3 short sword "Agef" {drain, rF+ Stlth+}
 18669 | Lair:2   | HP: 5/104 [ice statue] (19)]
 18678 | Lair:2   | Identified a +2 robe of resistance
 19121 | Lair:3   | Received a gift from Okawaru
 19303 | Lair:3   | Identified the +8 longbow "Witialus" {freeze, *Slow rC+
                  | Int+5} (Okawaru gifted it to you on level 3 of the Lair of
                  | Beasts)
 19303 | Lair:3   | Received a gift from Okawaru
 20042 | Lair:4   | Reached skill level 11 in Fighting
 20042 | Lair:4   | Reached skill level 11 in Axes
 20042 | Lair:4   | Reached skill level 11 in Dodging
 20048 | Lair:4   | Reached XP level 14. HP: 105/113 MP: 23/26
 20136 | Lair:4   | Received a gift from Okawaru
 20322 | Lair:4   | Reached skill level 9 in Short Blades
 20322 | Lair:4   | Reached skill level 9 in Long Blades
 20322 | Lair:4   | Reached skill level 9 in Maces & Flails
 20322 | Lair:4   | Reached skill level 9 in Polearms
 20322 | Lair:4   | Reached skill level 9 in Staves
 20322 | Lair:4   | Reached skill level 9 in Slings
 20322 | Lair:4   | Reached skill level 9 in Bows
 20322 | Lair:4   | Reached skill level 9 in Crossbows
 20322 | Lair:4   | Reached skill level 9 in Throwing
 20322 | Lair:4   | Reached skill level 9 in Armour
 20322 | Lair:4   | Reached skill level 9 in Shields
 20322 | Lair:4   | Reached skill level 9 in Unarmed Combat
 20322 | Lair:4   | Reached skill level 9 in Spellcasting
 20322 | Lair:4   | Reached skill level 9 in Evocations
 20331 | Lair:4   | Reached skill level 10 in Stealth
 21271 | Lair:5   | Reached skill level 10 in Invocations
 21454 | Lair:5   | Received a gift from Okawaru
 21683 | Lair:5   | Received a gift from Okawaru
 21693 | Lair:5   | Identified the +1 plate armour of Byuweadgh {rF+ Regen+
                  | MP+9} (Okawaru gifted it to you on level 5 of the Lair of
                  | Beasts)
 21693 | Lair:5   | Received a gift from Okawaru
 21713 | Lair:5   | Identified +0 steam dragon scales
 22046 | Lair:5   | Identified +0 fire dragon scales
 22671 | Lair:6   | Entered Level 6 of the Lair of Beasts
 22884 | Lair:6   | Identified a scroll of acquirement
 22948 | Lair:6   | Identified the +6 war axe of the Wilderness {protect, rElec
                  | rPois Will- Str+5}
 23014 | Lair:6   | Reached skill level 8 in Conjurations
 23014 | Lair:6   | Reached skill level 8 in Hexes
 23014 | Lair:6   | Reached skill level 8 in Summonings
 23014 | Lair:6   | Reached skill level 8 in Necromancy
 23014 | Lair:6   | Reached skill level 8 in Translocations
 23014 | Lair:6   | Reached skill level 8 in Transmutations
 23014 | Lair:6   | Reached skill level 8 in Fire Magic
 23014 | Lair:6   | Reached skill level 8 in Ice Magic
 23014 | Lair:6   | Reached skill level 8 in Air Magic
 23014 | Lair:6   | Reached skill level 8 in Earth Magic
 23014 | Lair:6   | Reached skill level 8 in Poison Magic
 23515 | Lair:6   | Found a runed translucent door.
 23524 | Lair:6   | Reached XP level 15. HP: 120/120 MP: 28/28
 23548 | Lair:6   | Identified the +4 quick blade of Sorilun {pain, Stlth+}
                  | (Okawaru gifted it to you on level 6 of the Lair of Beasts)
 23548 | Lair:6   | Received a gift from Okawaru
 24339 | Lair:6   | Found a staircase to the Slime Pits.
 24547 | Lair:6   | Identified the +2 pair of gloves of Love and Death {Harm
                  | Fly rC- Slay-3} (Okawaru gifted it to you on level 6 of the
                  | Lair of Beasts)
 24547 | Lair:6   | Received a gift from Okawaru
 24551 | Lair:6   | Reached skill level 10 in Short Blades
 24551 | Lair:6   | Reached skill level 10 in Long Blades
 24551 | Lair:6   | Reached skill level 10 in Maces & Flails
 24551 | Lair:6   | Reached skill level 10 in Polearms
 24551 | Lair:6   | Reached skill level 10 in Staves
 24551 | Lair:6   | Reached skill level 10 in Slings
 24551 | Lair:6   | Reached skill level 10 in Bows
 24551 | Lair:6   | Reached skill level 10 in Crossbows
 24551 | Lair:6   | Reached skill level 10 in Throwing
 24551 | Lair:6   | Reached skill level 10 in Armour
 24551 | Lair:6   | Reached skill level 10 in Shields
 24551 | Lair:6   | Reached skill level 10 in Unarmed Combat
 24551 | Lair:6   | Reached skill level 10 in Spellcasting
 24551 | Lair:6   | Reached skill level 10 in Evocations
 25075 | Lair:6   | Identified +0 fire dragon scales
 25658 | Orc:1    | Entered Level 1 of the Orcish Mines
 25776 | Orc:1    | Noticed Fannar
 25796 | Orc:1    | Killed Fannar
 26101 | Orc:2    | Entered Level 2 of the Orcish Mines
 26121 | Orc:2    | Reached skill level 11 in Invocations
 26475 | Orc:2    | Found a staircase to the Elven Halls.
 26548 | Orc:2    | Reached skill level 12 in Fighting
 26548 | Orc:2    | Reached skill level 12 in Axes
 26548 | Orc:2    | Reached skill level 12 in Dodging
 26583 | Orc:2    | Reached skill level 11 in Stealth
 26955 | Orc:2    | Found Peevawum's Antique Weapon Emporium.
 26955 | Orc:2    | Found Qepn's General Store.
 27132 | Orc:2    | Found Erchuoshug's Weapon Shop.
 27330 | Orc:2    | Found Duaf's Assorted Antiques.
 27681 | Orc:2    | Found a shimmering altar of Xom.
 28069 | Orc:2    | Found a runed translucent door.
 28070 | Orc:2    | Noticed epen's ghost (journeyman NaIE)
 28103 | Orc:2    | Killed epen's ghost
 28400 | Orc:2    | Identified the +5 war axe of Mayhem {drain, rF+ Str+4
                  | Dex-4}
 28435 | Orc:2    | Bought a crude broad axe for 252 gold pieces
 28435 | Orc:2    | Identified the +5 broad axe of the First Wishes {antimagic,
                  | Int+2} (You bought it in a shop on level 2 of the Orcish
                  | Mines)
 28436 | Orc:2    | Bought a dazzling war axe for 238 gold pieces
 28436 | Orc:2    | Identified the +0 war axe "Uhaz" {venom, Fly rElec Str+5
                  | Dex-3} (You bought it in a shop on level 2 of the Orcish
                  | Mines)
 28557 | Orc:1    | Noticed Maurice
 28562 | Orc:1    | Paralysed by Maurice for 3 turns
 28572 | Orc:1    | Killed Maurice
 28897 | D:6      | Bought a manual of Axes for 800 gold pieces
 29425 | D:12     | Received a gift from Okawaru
 30383 | D:11     | Received a gift from Okawaru
 31067 | D:13     | Received a gift from Okawaru
 31236 | D:13     | Killed Frances
 31781 | D:14     | Received a gift from Okawaru
 32123 | D:14     | Noticed Azrael
 32169 | D:14     | Killed Azrael
 32169 | D:14     | Received a gift from Okawaru
 32170 | D:14     | Reached XP level 16. HP: 114/128 MP: 10/30
 32922 | D:14     | Reached skill level 9 in Conjurations
 32922 | D:14     | Reached skill level 9 in Hexes
 32922 | D:14     | Reached skill level 9 in Summonings
 32922 | D:14     | Reached skill level 9 in Necromancy
 32922 | D:14     | Reached skill level 9 in Translocations
 32922 | D:14     | Reached skill level 9 in Transmutations
 32922 | D:14     | Reached skill level 9 in Fire Magic
 32922 | D:14     | Reached skill level 9 in Ice Magic
 32922 | D:14     | Reached skill level 9 in Air Magic
 32922 | D:14     | Reached skill level 9 in Earth Magic
 32922 | D:14     | Reached skill level 9 in Poison Magic
 33451 | D:15     | Entered Level 15 of the Dungeon
 33458 | D:15     | Identified the +0 cloak of Rotation {*Corrode Str+4 SInv}
                  | (Okawaru gifted it to you on level 15 of the Dungeon)
 33458 | D:15     | Received a gift from Okawaru
 34565 | D:15     | Reached skill level 13 in Axes
 34761 | D:15     | Found a staircase to the Depths.
 35021 | D:15     | Found a blossoming altar of Fedhas.
 35176 | Depths:1 | Entered Level 1 of the Depths
 35177 | Depths:1 | Noticed a tengu reaver
 35698 | Depths:1 | Cast into level 3 of the Abyss (a wizard)
 35774 | Abyss:3  | Found a corrupted altar of Lugonu.
 36302 | Depths:1 | Escaped the Abyss
 36438 | Depths:1 | Killed a tengu reaver
 36558 | Depths:1 | HP: 10/116 [drowned by a water elemental (4)]
 36558 | Depths:1 | Killed from afar by a frost giant

Vanquished Creatures
  Gastronok (Lair:1)
  Frances (D:13)
  A tengu reaver (Depths:1)
  The ghost of epen the Frost Mage, a journeyman NaIE of Cheibriados (Orc:2)
  A stone giant (D:15)
  Azrael (D:14)
  A minotaur (Gauntlet)
  2 fire dragons
  6 hydras
  Harold (D:10)
  Fannar (Orc:1)
  A boulder beetle (D:11)
  A spriggan air mage (D:15)
  A spriggan skeleton (Abyss:3)
  2 catoblepae (Lair:6)
  2 centaur warriors
  4 two-headed ogres
  6 death yaks
  3 tengu warriors
  A thrashing horror (Abyss:3)
  8 orc high priests (Orc:2)
  A spriggan berserker (D:15)
  3 wretched stars (Abyss:3)
  Sonja (Lair:2)
  A skeletal warrior (D:10)
  4 wizards
  3 bog bodies (Lair:2)
  3 lindwurms (Lair:6)
  A deep elf pyromancer (D:15)
  A mana viper (shapeshifter) (D:14)
  2 necromancers
  An orc sorcerer (D:15)
  9 ugly things
  4 cyclopes
  3 manticores
  14 elephants
  3 ice statues
  Maurice (Orc:1)
  5 black mambas
  2 smoke demons (Abyss:3)
  2 naga magi (D:15)
  7 torpor snails (Lair:6)
  An apocalypse crab (Gauntlet)
  2 centaur skeletons (D:15)
  2 rust devils (Gauntlet)
  2 unseen horrors
  12 cane toads
  A gargoyle (D:13)
  A yaktaur (D:15)
  Maggie (Lair:1)
  16 rime drakes
  7 komodo dragons
  2 efreet
  A freezing wraith (IceCv)
  4 kobold demonologists
  2 ice devils (D:13)
  A tengu conjurer (D:14)
  8 trolls
  A wolf spider simulacrum (D:15)
  6 polar bears
  18 blink frogs
  4 tyrant leeches (Lair:6)
  10 slime creatures
  9 hornets
  4 raiju (Abyss:3)
  6 centaur simulacra
  3 spriggans
  A spriggan (shapeshifter) (Abyss:3)
  3 wyverns
  5 large abominations (Abyss:3)
  A shadow (D:12)
  3 fire elementals (D:14)
  61 yaks
  3 ynoxinuls
  2 wraiths
  2 fire bats (Abyss:3)
  2 basilisks (Lair:6)
  10 steam dragons
  6 vampire mosquitoes
  4 chaos spawn (Abyss:3)
  4 nagas (Lair:2)
  7 wargs
  2 acid dragons
  4 hell hounds (D:14)
  15 water moccasins
  3 swamp worms (Lair:2)
  A meliai simulacrum (D:14)
  3 ice beasts
  11 orc warriors
  5 black bears
  4 starcursed masses (Abyss:3)
  A hornet zombie (D:15)
  22 wolves
  7 ogres
  5 boggarts (D:14)
  10 centaurs
  3 phantoms
  A kobold brigand (D:12)
  15 bullfrogs
  2 gnoll sergeants
  3 necrophages (D:6)
  3 scorpions
  A wyvern zombie (D:6)
  A cane toad simulacrum (IceCv)
  A water moccasin zombie (D:6)
  15 wights
  A hornet simulacrum (D:14)
  12 killer bees
  A howler monkey (D:9)
  2 electric eels
  5 bullfrog zombies (D:6)
  3 hounds
  A human zombie (D:6)
  A wyvern simulacrum (Gauntlet)
  27 orc priests
  2 gnoll shamans
  2 bullfrog skeletons (D:6)
  5 iron imps (Gauntlet)
  5 iguanas
  10 orc wizards
  12 hell rats
  Ijyb (D:3)
  4 small abominations (Abyss:3)
  4 killer bee zombies (D:6)
  2 wolf simulacra (IceCv)
  3 howler monkey zombies (D:6)
  A mummy (D:6)
  21 gnolls
  5 adders
  3 shadow imps
  10 white imps
  An ufetubus (D:14)
  3 worms
  4 dart slugs
  81 orcs
  2 endoplasms
  5 giant cockroaches
  9 goblins
  6 hobgoblins
  8 jackals
  3 quokkas
  6 ball pythons
  7 bats
  3 frilled lizards (D:1)
  9 kobolds
  A rat (D:3)
784 creatures vanquished.

Vanquished Creatures (others)
  A rime drake (Lair:5)
  A steam dragon (Lair:5)
  A shadow imp (Gauntlet)
  A white imp (Gauntlet)
  24 fungi
  A lurking horror (Abyss:3)
  77 plants
106 creatures vanquished.

Grand Total: 890 creatures vanquished
